 Dungeon Crawl Stone Soup version 0.28.0 (webtiles) character file.

Game seed: 17865367285134550878

45 Krehm the Sneak (level 3, 0/18 HPs)
             Began as a Spriggan Enchanter on Feb 17, 2022.
             Slain by Jessica (6 damage)
             ... on level 2 of the Dungeon.
             The game lasted 00:04:20 (1356 turns).

Krehm the Sneak (Spriggan Enchanter)                Turns: 1356, Time: 00:04:21

Health: 0/18       AC:  2    Str:  4    XL:     3   Next: 42%
Magic:  0/8        EV: 17    Int: 16    God:
Gold:   33         SH:  0    Dex: 17    Spells: 2/7 levels left

rFire   . . .      SeeInvis +   a - +1 dagger
rCold   . . .      Faith    .   (no shield)
rNeg    . . .      Spirit   .   b - +0 robe
rPois   .          Reflect  .   (helmet restricted)
rElec   .          Harm     .   (no cloak)
rCorr   .          Rampage  .   (gloves unavailable)
Will    .....                   (boots unavailable)
Stlth   +++.......              (no amulet)
HPRegen 0.06/turn               (no ring)
MPRegen 0.11/turn               (no ring)

@: very quick
A: very small, no large weapons, unfitting armour, see invisible, speed 3
a: no special abilities


You were on level 2 of the Dungeon.
You visited 1 branch of the dungeon, and saw 2 of its levels.

You collected 33 gold pieces.

Inventory:

Hand Weapons
 a - a +1 dagger (weapon)
Armour
 b - a +0 robe (worn)
Scrolls
 d - a scroll of amnesia {unknown}
 e - a scroll of identify {unknown}
 f - 3 scrolls of fog {unknown}
 h - a scroll of enchant weapon {unknown}
Potions
 c - a potion of invisibility
 g - 2 potions of berserk rage {unknown}
 i - a potion of resistance {unknown}


   Skills:
 + Level 1.5 Fighting
 - Level 1.1 Short Blades
 - Level 2.6 Dodging
 + Level 5.7 Stealth
 + Level 2.8 Spellcasting
 + Level 3.7 Hexes


You had 2 spell levels left.
You knew the following spells:

 Your Spells              Type           Power      Damage    Failure   Level
a - Ensorcelled Hibernat  Hex/Ice        16%        N/A       14%         2
b - Confusing Touch       Hex            14%        N/A       12%         3

Your spell library contained the following spells:

 Spells                   Type           Power      Damage    Failure   Level
 Tukima's Dance           Hex            14%        N/A       12%         3
 Dazzling Flash           Conj/Hex       16%        N/A       26%         3
 Frozen Ramparts          Ice            4%         1d2       50%         3
 Ice Form                 Ice/Tmut       2%         N/A       88%         4
 Summon Ice Beast         Ice/Summ       2%         N/A       88%         4


Dungeon Overview and Level Annotations

Branches:
Dungeon (2/15)

Altars:

Annotations:
D:2 Jessica


Innate Abilities, Weirdness & Mutations

You are very small and have problems with some larger weapons.
You are too small for most types of armour.
You have supernaturally acute eyesight. (SInv)
You cover ground extremely quickly. (Speed+++)


Message History

You see here a hobgoblin corpse.
Casting: Ensorcelled Hibernation (safe; 14% risk of failure)
Confirm with . or Enter, or press ? or * to list all spells.
Aiming: Ensorcelled Hibernation (safe; 14% risk of failure)
Press: ? - help, Shift-Dir - straight line, f - Jessica
Aim: Jessica, wielding a +0 dagger and wearing a +0 robe (chance to affect: 50%) Jessica looks drowsy...
The ball python hisses angrily.
Jessica shouts!
You completely miss Jessica. Jessica closely misses you.
You hit Jessica.
Jessica is moderately wounded.
Jessica drinks a potion.
Jessica seems to grow stronger.
You hit Jessica.
Jessica is heavily wounded.
Jessica points at you and mumbles some strange words.
You struggle to resist.
You barely miss Jessica.
Jessica is heavily wounded.
Jessica hits you with a +0 dagger! The ball python closely misses you. x2
You closely miss Jessica.
Jessica is heavily wounded.
Jessica hits you but does no damage.
The ball python bites you but does no damage.
The ball python misses you.
Casting: Ensorcelled Hibernation (safe; 14% risk of failure)
Confirm with . or Enter, or press ? or * to list all spells.
Aiming: Ensorcelled Hibernation (safe; 14% risk of failure)
Press: ? - help, Shift-Dir - straight line, f - ball python, p - Jessica
Aim: a ball python (chance to affect: 59%)
The ball python resists with significant effort.
The ball python misses you. The ball python closely misses you.
Jessica completely misses you.
Casting: Ensorcelled Hibernation (safe; 14% risk of failure)
Confirm with . or Enter, or press ? or * to list all spells.
Aiming: Ensorcelled Hibernation (safe; 14% risk of failure)
Press: ? - help, Shift-Dir - straight line, f/p - ball python
Aim: a ball python (chance to affect: 59%)
The ball python looks drowsy...
Jessica hits you with a +0 dagger.
You die...

## .. .. #####...# .# #.
#.....#.# .# # #. #.#
#.. .# #.. #.##†# #.# .#
#.. #....# ##.# .#
#####.###.#####..####.#
.............#.......$.#
.......#..†S@).......<#
.............@........#
.........##....†..##.#
b##.....#.....#######.#
.............#### #.#
..b............... ..#
........_.....#### ###
.............##
######.......#


You could see Jessica (strong) and a ball python (asleep).

Vanquished Creatures
  A gnoll (D:1)
  A dart slug (D:2)
  2 ball pythons (D:2)
  A bat (D:2)
  6 endoplasms (D:1)
  A giant cockroach (D:1)
  2 goblins (D:1)
  4 hobgoblins
  A quokka (D:1)
  7 frilled lizards
  4 kobolds
  2 rats (D:1)
32 creatures vanquished.

Notes
Turn   | Place    | Note
-------+----------+-------------------------------------------
     0 | D:1      | Krehm the Spriggan Enchanter began the quest for the Orb.
     0 | D:1      | Reached XP level 1. HP: 9/9 MP: 5/5
   307 | D:1      | Reached XP level 2. HP: 14/14 MP: 6/6
   311 | D:1      | Reached skill level 5 in Stealth
   314 | D:1      | Learned a level 2 spell: Ensorcelled Hibernation
   423 | D:1      | Reached skill level 1 in Fighting
  1112 | D:1      | Reached XP level 3. HP: 18/18 MP: 0/8
  1203 | D:1      | Learned a level 3 spell: Confusing Touch
  1281 | D:2      | Found a faded altar of an unknown god.
  1318 | D:2      | Noticed Jessica
  1356 | D:2      | Slain by Jessica

Illustrated notes

Levels and vault maps discovered:
D:1:      minmay_arrival_radiant_lines, layout_rooms, hangedman_glass_teeth,
          hex_intersection, minmay_tetromino_i4
D:2:      layout_rooms, ebering_ecumenical_altar_sacrificial,
          kennysheep_generic_room_2, uniq_jessica, uniq_natasha,
          uniq_crazy_yiuf_cottage

Skill      XL: |  1  2 |
---------------+-------+-----
Stealth        | 5 |  5.7
Fighting       | 1 |  1.5
Short Blades   | |  1.1
Dodging        | |  2.6
Spellcasting   | |  2.8
Hexes          | |  3.7

Action                   || total
-------------------------++-------
Melee: Dagger            ||    81
       Punch             ||     1
 Cast: Ensorcelled Hiber ||    14
 Stab: Sleeping          ||    15
       Distracted        ||     1
Armor: Robe              ||     5
Dodge: Dodged            ||    53
